 Dungeon Crawl Stone Soup version 0.31-a0-1612-g4aaf141004 (webtiles) character file.

Game seed: 10271180060058217307

58 Demosthentine the Ducker (level 3, 0/28 HPs)
             Began as a Demonspawn Gladiator on Jan 10, 2024.
             Slain by a kobold
             ... wielding a +0 short sword
              (2 damage)
             ... on level 2 of the Dungeon.
             The game lasted 00:01:05 (1120 turns).

Demosthentine the Ducker (Demonspawn Gladiator)     Turns: 1120, Time: 00:01:06

Health: 0/28       AC:  4    Str: 16    XL:     3   Next: 75%
Magic:  3/3        EV: 12    Int: 10    God:
Gold:   86         SH:  0    Dex: 14    Spells: 2/2 levels left

rFire   . . .        a - +0 trident
rCold   . . .        (no shield)
rNeg    . . .        b - +0 leather armour
rPois   .            c - +0 helmet
rElec   .            (no cloak)
rCorr   .            (no gloves)
SInv    .            (no boots)
Will    .....        (no amulet)
Stlth   +            (no ring)
HPRegen 0.24/turn    (no ring)
MPRegen 0.08/turn

%: no passive effects
@: no status effects
A: ignite blood 1, big brain 1
a: no special abilities


You were on level 2 of the Dungeon.
You visited 1 branch of the dungeon, and saw 2 of its levels.

You collected 98 gold pieces.
You spent 12 gold pieces at shops.

Inventory:

Hand Weapons
 a - a +0 trident (weapon)
Missiles
 d - 3 throwing nets (quivered)
 e - a javelin
Armour
 b - a +0 leather armour (worn)
 c - a +0 helmet (worn)
Scrolls
 g - 2 scrolls of poison
 h - 2 scrolls of teleportation
 k - a scroll of identify {unknown}
 l - a scroll of enchant armour {unknown}
 m - a scroll of revelation {unknown}
Potions
 f - a potion of haste {unknown}
 i - a potion of ambrosia {unknown}
 j - a potion of mutation {unknown}


   Skills:
 + Level 2.6 Fighting
 + Level 3.1 Polearms
 - Level 1.7 Throwing
 + Level 1.3 Armour
 + Level 3.2 Dodging


You had 2 spell levels left.
You didn't know any spells.
Your spell library was empty.

Dungeon Overview and Level Annotations

Branches:
Dungeon (2/15)

Altars:

Shops:
D:1 !


Innate Abilities, Weirdness & Mutations

Your demonic aura sometimes causes spilled blood to erupt in flames.
You have an unusually large brain. (Int +2)


Message History

The ribbon worm bites you.
The kobold hits you with a +0 short sword.
The web tears apart.
The kobold closely misses you. The ribbon worm closely misses you.
The hobgoblin shouts!
You hit the ribbon worm.
The ribbon worm is heavily wounded.
The kobold hits you with a +0 short sword.
The ribbon worm bites you.
You barely miss the ribbon worm.
The ribbon worm is heavily wounded.
The kobold barely misses you. The ribbon worm misses you.
You hit the ribbon worm.
The ribbon worm is severely wounded.
The kobold hits you with a +0 short sword.
The ribbon worm expels a string of sticky webbing.
The stream of webbing hits you but does no damage.
You are caught in a web!
The kobold hits you but does no damage.
You struggle to detach yourself from the web.
The ribbon worm bites you but does no damage.
The kobold hits you with a +0 short sword.
The web tears apart.
The kobold hits you but does no damage.
The hobgoblin unwields a +0 sling.
The hobgoblin hits you but does no damage.
The ribbon worm bites you.
* * * LOW HITPOINT WARNING * * *
You puncture the ribbon worm!
You kill the ribbon worm!
The kobold hits you with a +0 short sword.
* * * LOW HITPOINT WARNING * * *
The hobgoblin hits you but does no damage.
Unknown command.
You barely miss the hobgoblin.
The kobold hits you with a +0 short sword.
* * * LOW HITPOINT WARNING * * *
The hobgoblin hits you.
* * * LOW HITPOINT WARNING * * *
You hit the kobold but do no damage.
The kobold hits you with a +0 short sword.
You die...

.... ............
#..#................
#..#...# .#..####.##
###..#...##.#..# #.## .
....#...##.#..####...
#.###..#...##...........
........................
....................#.##
#.†@......#.....#.##
#..Kg...............
#.##.....†.........# #.
#...#####..###..#
#..................#
.K...................
g####...#####..###..#
..... .......... .....#
##..###..#


You could see a hobgoblin and a kobold.

Vanquished Creatures
  An adder (D:2)
  A ribbon worm (D:2)
  3 dart slugs (D:1)
  5 bats
  2 endoplasms (D:1)
  3 giant cockroaches (D:1)
  2 goblins (D:1)
  4 hobgoblins (D:1)
  3 quokkas
  5 ball pythons
  3 frilled lizards
  2 kobolds (D:1)
  6 rats
40 creatures vanquished.

Notes
Turn   | Place    | Note
-------+----------+-------------------------------------------
     0 | D:1      | Demosthentine the Demonspawn Gladiator began the quest for
                  | the Orb.
     0 | D:1      | Reached XP level 1. HP: 16/16 MP: 1/1
    70 | D:1      | Gained mutation: You have an unusually large brain. (Int
                  | +2) [demonic ancestry]
    70 | D:1      | Reached XP level 2. HP: 22/22 MP: 2/2
   424 | D:1      | Reached skill level 1 in Armour
   467 | D:1      | Gained mutation: Your demonic aura sometimes causes spilled
                  | blood to erupt in flames. [demonic ancestry]
   467 | D:1      | Reached XP level 3. HP: 28/28 MP: 3/3
   471 | D:1      | Found Kefalam's Distillery.
   479 | D:1      | Bought a potion of degeneration for 12 gold pieces
  1120 | D:2      | Slain by a kobold

Illustrated notes

Levels and vault maps discovered:
D:1:      minmay_arrival_four_circles, layout_basic, serial_shops,
          nicolae_shop_industrial_runoff
D:2:      layout_basic, fountainhead

Skill      XL: |  1  2 |
---------------+-------+-----
Polearms       | 3 |  3.1
Armour         | 1 |  1.3
Dodging        | 3 |  3.2
Fighting       | |  2.6
Throwing       | |  1.7

Action                     || total
---------------------------++-------
  Melee: Trident           ||   124
    Use: Scroll            ||     2
   Stab: Sleeping          ||     1
 Armour: Leather armour    ||    70
  Dodge: Dodged            ||    58

Table legend: (Time is in decaauts)
 A = Elapsed time spent in this place.
 B = Non-inter-level travel time spent in this place.
 C = Inter-level travel time spent in this place.
 D = Time resting spent in this place.
 E = Time spent auto-exploring this place.
 F = Levels seen in this place.
 G = Mean time per level.
                   A        B        C        D        E       F      G
               +--------+--------+--------+--------+--------+-----+--------+
         Total |   1139 |   1119 |     20 |      0 |    855 |   2 |  569.5 |
       Dungeon |   1139 |   1119 |     20 |      0 |    855 |   2 |  569.5 |
               +--------+--------+--------+--------+--------+-----+--------+

Top non-repeatable levels by time:
     D:1: 847 daAuts
     D:2: 292 daAuts
